 Dungeon Crawl Stone Soup version 0.28.0-53-g5a82cb258f (webtiles) character file.

Game seed: 14675477536554872702

76 nickcage the Chiller (level 4, -1/24 HPs)
             Began as a Deep Elf Ice Elementalist on June 27, 2022.
             Succumbed to a kobold brigand's curare-tipped dart
             ... in a sewer.
             The game lasted 00:09:16 (2787 turns).

nickcage the Chiller (Deep Elf Ice Elementalist)    Turns: 2787, Time: 00:09:16

Health: -1/24      AC:  4    Str:  5    XL:     4   Next: 12%
Magic:  10/11      EV: 12    Int: 22    God:
Gold:   57         SH:  0    Dex: 15    Spells: 2/9 levels left

rFire   . . .      SeeInvis .   j - +0 dagger (venom)
rCold   . . .      Faith    .   (no shield)
rNeg    . . .      Spirit   .   a - +0 robe
rPois   .          Reflect  .   k - +2 hat
rElec   .          Harm     .   (no cloak)
rCorr   .          Rampage  .   (no gloves)
Will    .....                   (no boots)
Stlth   +.........              (no amulet)
HPRegen 0.08/turn               (no ring)
MPRegen 0.12/turn               (no ring)

@: lethally poisoned (-1 -> -8), hasted and slowed, very slow
A: no striking features
a: no special abilities


You were in a sewer.
You visited 1 branch of the dungeon, and saw 3 of its levels.
You also visited: Sewer.

You collected 57 gold pieces.

Inventory:

Hand Weapons
 c - a +0 falchion
 j - a +0 dagger of venom (weapon)
Armour
 a - a +0 robe (worn)
 k - a +2 hat (worn)
Scrolls
 n - a scroll of holy word {unknown}
 p - a scroll of fog {unknown}
Potions
 b - a potion of invisibility {unknown}
 e - a potion of haste
 f - a potion of berserk rage {unknown}
 i - a potion of flight {unknown}
 o - 2 potions of brilliance
 q - a potion of mutation {unknown}


   Skills:
 - Level 2.4 Dodging
 - Level 2.4 Stealth
 + Level 3.4 Spellcasting
 * Level 6.1 Ice Magic


You had 2 spell levels left.
You knew the following spells:

 Your Spells              Type           Power      Damage    Failure   Level
a - Freeze                Ice            100%       1d11      1%          1
b - Frozen Ramparts       Ice            60%        1d8       3%          3
c - Ozocubu's Armour      Ice            30%        N/A       3%          3

Your spell library contained the following spells:

 Spells                   Type           Power      Damage    Failure   Level
 Hailstorm                Conj/Ice       17%        3d6       34%         4


Dungeon Overview and Level Annotations

Branches:
Dungeon (3/15)              Sewer (1/1)

Altars:


Message History

You enter the shallow water.
Moving in this stuff is going to be slow.
A kobold brigand and a kobold come into view.
The kobold brigand is wielding a +0 whip and quivering curare-tipped darts.
The kobold shouts!
The kobold brigand shouts!
The kobold brigand throws a curare-tipped dart.
The curare-tipped dart closely misses you.
The kobold brigand throws a curare-tipped dart.
The curare-tipped dart barely misses you.
The kobold brigand throws a curare-tipped dart.
The curare-tipped dart barely misses you.
You can't see any susceptible monsters within range! (Use Z to cast anyway.)
You freeze the kobold.
You kill the kobold!
You hear a splash.
The kobold brigand throws a curare-tipped dart.
The curare-tipped dart hits you.
You are poisoned.
You have difficulty breathing.
You feel yourself slow down.
You enter the shallow water.
Moving in this stuff is going to be slow.
You feel extremely sick.
The kobold brigand splashes around in the water.
The kobold brigand hits you with a +0 whip.
* * * LOW HITPOINT WARNING * * *
Things that are here:
a +0 short sword; a kobold corpse You are too injured to fight recklessly!
Aiming: Freeze (safe; 1% risk of failure)
Press: ? - help, Q - select action Shift-Dir - straight line, f - kobold brigand
Aim: a kobold brigand, wielding a +0 whip and quivering curare-tipped darts You freeze the kobold brigand!
The kobold brigand is moderately wounded.
* * * LOW HITPOINT WARNING * * *
You feel very sick. The kobold brigand closely misses you.
The kobold brigand splashes around in the water.
It was a potion of haste.
You feel yourself speed up.
You die...

##≈.≈.≈≈.≈≈≈≈.≈##
#≈≈≈..#####≈≈≈≈.#
#≈.≈≈## ##.≈≈≈#
#.≈≈## ##.≈≈#
#≈≈≈# #.≈≈# #.≈≈#
#≈≈.# ##.≈≈##
#≈.≈# #≈K≈≈≈#
≈≈≈≈≈ #@###≈# #.#
#≈# ##≈###≈#
#≈≈≈#≈≈K
#≈#≈#≈#≈# #≈#≈#≈
≈# #≈#≈#K ≈#
#.#.#. .# ######
##


You could see a kobold brigand.

Vanquished Creatures
  An adder (Sewer)
  2 river rats (Sewer)
  2 worms
  An orc (D:3)
  3 ball pythons
  2 bats (D:1)
  5 endoplasms
  2 giant cockroaches
  4 hobgoblins
  2 jackals (D:3)
  4 quokkas
  A frilled lizard (D:2)
  A goblin (D:3)
  5 kobolds
  4 rats
39 creatures vanquished.

Vanquished Creatures (others)
  A plant (D:2)
1 creature vanquished.

Grand Total: 40 creatures vanquished

Notes
Turn   | Place    | Note
-------+----------+-------------------------------------------
     0 | D:1      | nickcage the Deep Elf Ice Elementalist began the quest for
                  | the Orb.
     0 | D:1      | Reached XP level 1. HP: 10/10 MP: 6/6
   492 | D:1      | Reached XP level 2. HP: 10/15 MP: 5/8
   857 | D:1      | Reached skill level 5 in Ice Magic
  1885 | D:2      | Found a faded altar of an unknown god.
  2011 | D:2      | Reached XP level 3. HP: 19/19 MP: 6/9
  2015 | D:2      | Learned a level 3 spell: Frozen Ramparts
  2019 | D:2      | Learned a level 3 spell: Ozocubu's Armour
  2407 | D:3      | Found a glowing drain.
  2418 | Sewer    | Entered a sewer
  2650 | Sewer    | Reached skill level 6 in Ice Magic
  2732 | Sewer    | Reached XP level 4. HP: 24/24 MP: 7/11
  2768 | Sewer    | Noticed a kobold brigand
  2786 | Sewer    | HP: 1/24 [poisoned by a kobold brigand (curare-tipped
                  | dart)]
  2787 | Sewer    | Succumbed to a kobold brigand's curare-tipped dart

Illustrated notes

Levels and vault maps discovered:
D:1:      lightli_arrival_noodles, layout_loops_corners,
          kennysheep_decorative_pillar, minmay_heptomino_d4
D:2:      layout_basic, shapermc_ecumenical_altar_mp_ritualfount,
          serial_bayou_pond_d, minmay_misc_feat_roman, hangedman_decor_slide_cut
D:3:      layout_basic, mainiacjoe_overflow_catwalk,
          cheibrodos_sewer_entry_drain, chequers_serial_rivers_large_a,
          dk_vineyard_2, st_stairs_11
Sewer:    sewer_co_tree

Skill      XL: |  1  2  3 |
---------------+----------+-----
Ice Magic      | 5 6 |  6.1
Dodging        | |  2.4
Stealth        | |  2.4
Spellcasting   | |  3.4

Action                   |  1- 3 |  4- 6 || total
-------------------------+-------+-------++-------
Melee: Falchion          |    14 |       ||    14
       Dagger            |     4 |       ||     4
 Cast: Freeze            |    41 |     2 ||    43
       Frozen Ramparts   |     4 |       ||     4
       Ozocubu's Armour  |     1 |       ||     1
  Use: Scroll            |     5 |       ||     5
       Potion            |       |     1 ||     1
 Stab: Sleeping          |     2 |       ||     2
Armor: Robe              |    14 |       ||    14
Dodge: Dodged            |    23 |     4 ||    27
